 Dungeon Crawl Stone Soup version 0.27.1 (webtiles) character file.

Game seed: 15524701301488107334

422 Malachi the Chiller (level 6, -3/32 (37) HPs)
             Began as an Octopode Ice Elementalist on Aug 25, 2021.
             Slain by a wight (9 damage)
             ... on level 4 of the Dungeon.
             The game lasted 00:05:30 (5670 turns).

Malachi the Chiller (Octopode Ice Elementalist)     Turns: 5670, Time: 00:05:30

HP:   -3/32 (37)    AC:  1    Str:  7    XL:     6   Next: 95%
MP:   11/11         EV: 13    Int: 19    God:
Gold: 28            SH:  0    Dex: 13    Spells: 4/11 levels left

rFire    . . .     SeeInvis .   i - +2 short sword (elec)
rCold    . . .     Faith    .   (no shield)
rNeg     . . .     Spirit   .   (helmet restricted)
rPois    .         Reflect  .   n - amulet of the acrobat
rElec    .         Harm     .   o - ring of resist corrosion
rCorr    +         Rampage  .   (no ring)
Will     .....                  (no ring)
Stlth    ++++......             (no ring)
HPRegen  0.10/turn              (no ring)
MPRegen  0.12/turn              (no ring)
                                (no ring)
                                (no ring)

@: heavily drained
A: almost no armour, amphibious, 8 rings, camouflage 1, gelatinous body 1,
(nimble swimmer 1), tentacles
a: no special abilities


You were on level 4 of the Dungeon.
You visited 1 branch of the dungeon, and saw 4 of its levels.

You collected 133 gold pieces.
You spent 105 gold pieces at shops.

Inventory:

Hand Weapons
 d - a +0 flail of protection
 i - a +2 short sword of electrocution (weapon)
Missiles
 j - 49 poisoned darts
Jewellery
 n - an amulet of the acrobat (around mantle)
 o - a ring of resist corrosion (left tentacle)
Wands
 c - a wand of flame (23)
 h - a wand of polymorph (4)
 p - a wand of acid (9)
Scrolls
 a - a scroll of amnesia
 k - a scroll of identify
Potions
 b - 2 potions of curing
 e - 2 potions of flight {unknown}
 f - a potion of ambrosia {unknown}
 g - 3 potions of heal wounds
 l - 2 potions of magic
 m - a potion of attraction {unknown}
 q - a potion of might {unknown}


   Skills:
 + Level 0.9 Fighting
 + Level 1.1 Short Blades
 + Level 2.4 Dodging
 + Level 4.5 Stealth
 + Level 1.3 Unarmed Combat
 + Level 3.3 Spellcasting
 * Level 6.1 Ice Magic


You had 4 spell levels left.
You knew the following spells:

 Your Spells              Type           Power      Damage    Failure   Level
a - Freeze                Ice            100%       1d11      1%          1
b - Frozen Ramparts       Ice            52%        1d7       3%          3
c - Ozocubu's Armour      Ice            26%        N/A       3%          3

Your spell library contained the following spells:

 Spells                   Type           Power      Damage    Failure   Level
 Summon Small Mammal      Summ           12%        N/A       14%         1
 Hailstorm                Conj/Ice       14%        3d5       38%         4
 Call Canine Familiar     Summ           3%         N/A       41%         3
 Summon Guardian Golem    Hex/Summ       3%         N/A       41%         3


Dungeon Overview and Level Annotations

Branches:
Dungeon (4/15)
 Temple: D:4-7

Altars:
Gozag

Shops:
D:4 **


Innate Abilities, Weirdness & Mutations

You cannot wear most types of armour.
You are amphibious.
You can wear up to eight rings at the same time.
Your skin changes colour to match your surroundings (Stealth+).
Your rubbery body absorbs attacks. (AC +1, EV +1)
((You are camouflaged near water. (Stealth+)))
You have tentacles for arms and can constrict up to eight enemies at once.


Message History

The wight hits you with a +2 halberd.
You feel drained.
You hit the wight.
The wight is moderately damaged.
You constrict the wight, but do no damage.
The wight barely misses you.
You hit the wight but do no damage.
The wight is moderately damaged.
You constrict the wight. The wight hits you with a +2 halberd!
You feel drained.
* * * LOW HITPOINT WARNING * * *
You hit the wight.
The wight is heavily damaged.
You constrict the wight, but do no damage.
The wight closely misses you.
You hit the wight but do no damage. Lightning courses through the wight!
You destroy the wight!
Things that are here:
a +2 halberd; a +0 robe You start resting.
Magic restored.
You start resting.
You start resting.
HP restored.
Things that are here:
a +2 halberd; a +0 robe A wight is nearby!
A wight is nearby!
You hit the wight. Your grab misses the wight.
The wight is lightly damaged.
The wight hits you with a +0 scimitar!
You hit the wight. Your grab misses the wight. You squeeze the wight.
The wight is severely damaged.
The wight hits you with a +0 scimitar!
You feel drained.
* * * LOW HITPOINT WARNING * * *
You are too injured to fight recklessly!
You are too injured to fight recklessly!
You are too injured to fight recklessly!
You barely miss the wight. Your grab misses the wight.
The wight is severely damaged.
The wight hits you with a +0 scimitar!
You die...

#.#.#... #.#.#.#.
###########.#.#.#.
#.............#.#<
#.#########...#.#. #.#
#..........#. #######.#
#.####.#####.
....?...####.#...<......
......z@..)....#.####### #.#
############...#........ #.#
#.#.....##### #.# #.#.(........
#.##### ##.#.###.####. #.....#
#.....<..# #. #[....########
#..#..########
####.....#......####..#.........#
................'.....).........#


You could see a wight.

Vanquished Creatures
  A wight (D:4)
  An orc priest (D:2)
  2 hounds (D:3)
  A gnoll shaman (D:3)
  Jessica (D:3)
  Terence (D:2)
  A hound skeleton (D:4)
  Robin (D:2)
  8 gnolls (D:3)
  A river rat (D:3)
  2 worms (D:2)
  2 dart slugs
  7 orcs
  7 ball pythons
  5 bats
  8 endoplasms
  4 giant cockroaches
  16 goblins
  10 hobgoblins
  2 kobolds
  2 quokkas
  5 frilled lizards
  4 rats
92 creatures vanquished.

Notes
Turn   | Place    | Note
-------+----------+-------------------------------------------
     0 | D:1      | Malachi the Octopode Ice Elementalist began the quest for
                  | the Orb.
     0 | D:1      | Reached XP level 1. HP: 11/11 MP: 3/3
    58 | D:1      | Found a faded altar of an unknown god.
   289 | D:1      | Reached XP level 2. HP: 5/17 MP: 1/5
  1397 | D:1      | Reached XP level 3. HP: 7/21 MP: 4/6
  1668 | D:1      | Learned a level 3 spell: Frozen Ramparts
  1987 | D:1      | You fall into a shaft and drop 1 floor!
  2137 | D:2      | Reached XP level 4. HP: 24/27 MP: 0/7
  2460 | D:2      | Noticed Terence
  2473 | D:2      | Killed Terence
  2474 | D:2      | Reached skill level 1 in Unarmed Combat
  2474 | D:2      | Reached skill level 5 in Ice Magic
  2776 | D:2      | Noticed Robin
  2795 | D:2      | Killed Robin
  2798 | D:2      | Reached XP level 5. HP: 15/31 MP: 1/8
  3646 | D:2      | Learned a level 3 spell: Ozocubu's Armour
  4111 | D:3      | Reached XP level 6. HP: 24/37 MP: 4/10
  4544 | D:3      | Reached skill level 1 in Short Blades
  4737 | D:3      | Noticed Jessica
  4742 | D:3      | Killed Jessica
  4743 | D:3      | Reached skill level 6 in Ice Magic
  4986 | D:4      | Found an opulent altar of Gozag.
  5085 | D:4      | Found Uvimecs's Assorted Antiques.
  5125 | D:4      | Found Uniexo's General Store.
  5275 | D:4      | Bought a blackened jasper amulet for 105 gold pieces
  5670 | D:4      | Slain by a wight

Illustrated notes

Levels and vault maps discovered:
D:1:      dpeg_arrival_rooms_c, layout_loops_ring,
          hellmonk_ecumenical_altar_arch_garden
D:2:      layout_basic, minmay_nonomino_d4, uniq_terence, uniq_robin
D:3:      layout_loops_ring, gup_sewer_entry_bowl, eino_tiny_chamber,
          cheibrodos_gnoll_hut, uniq_jessica
D:4:      layout_basic, grunt_gozag_breadcrumbs, serial_shops,
          nicolae_shop_competitors_out_of_business, kennysheep_little_box

Skill      XL: |  1  2  3  4  5  6 |
---------------+-------------------+-----
Stealth        | 3 4 |  4.5
Unarmed Combat | 1 |  1.3
Ice Magic      | 5 6 |  6.1
Spellcasting   | 3 |  3.3
Short Blades   | 1 |  1.1
Fighting       | |  0.9
Dodging        | |  2.4

Action                   |  1- 3 |  4- 6 || total
-------------------------+-------+-------++-------
Melee: Unarmed           |    51 |    27 ||    78
       Constrict         |    15 |    19 ||    34
       Tentacles         |     9 |    16 ||    25
       Short sword       |       |    54 ||    54
 Cast: Freeze            |    15 |     4 ||    19
       Frozen Ramparts   |     1 |    10 ||    11
       Ozocubu's Armour  |       |     3 ||     3
  Use: Scroll            |       |    11 ||    11
 Stab: Sleeping          |     2 |     9 ||    11
Armor: Skin              |     7 |     5 ||    12
Dodge: Dodged            |    39 |    64 ||   103
